 Dungeon Crawl Stone Soup version 0.22-a0-294-ge3b9353 (webtiles) character file.

10046 puppykicker the Cruncher (level 11, -1/89 HPs)
             Began as a Minotaur Artificer on Mar 23, 2018.
             Was a Follower of Nemelex Xobeh.
             Slain by JohnnyTrout's ghost (2 damage)
             ... on level 10 of the Dungeon on Mar 24, 2018.
             The game lasted 00:55:49 (11384 turns).

puppykicker the Cruncher (Minotaur Artificer)      Turns: 11384, Time: 00:55:50

Health: -1/89      AC: 11    Str: 18    XL:     11   Next: 31%
Magic:  16/16      EV: 12    Int: 16    God:    Nemelex Xobeh [*.....]
Gold:   260        SH:  0    Dex: 10    Spells: 4/11 levels left

rFire    + + .     SeeInvis .   a - +0 quarterstaff
rCold    + . .     Gourm    .   (shield currently unavailable)
rNeg     . . .     Faith    .   M - +2 ring mail {rF+}
rPois    .         Spirit   .   G - +2 hat
rElec    .         Reflect  .   u - scarf {rC+ rF+}
rCorr    .         Harm     .   (no gloves)
MR       .....                  N - +0 pair of boots
Stlth    +.........             (no amulet)
HPRegen  0.24/turn              O - +5 ring of intelligence
MPRegen  0.15/turn              i - ring of wizardry

@: no status effects
A: retaliatory headbutt, horns 2
a: Renounce Religion


You were on level 10 of the Dungeon.
You worshipped Nemelex Xobeh.
Nemelex Xobeh was aware of your devotion.
You were hungry.

You visited 2 branches of the dungeon, and saw 11 of its levels.

You collected 501 gold pieces.
You spent 241 gold pieces at shops.


Innate Abilities, Weirdness & Mutations

You reflexively headbutt those who attack you in melee.
You have a pair of horns on your head.


   Skills:
 - Level 6.0 Fighting
 - Level 1.1 Short Blades
   Level 1.0(9.3) Polearms
 - Level 14.0 Staves
 - Level 5.6 Armour
 - Level 4.3 Dodging
 - Level 0.7 Stealth
 + Level 0.6 Spellcasting
 + Level 0.6 Charms
 + Level 0.7 Summonings
 + Level 0.7 Ice Magic
 - Level 8.5 Invocations
 - Level 5.2 Evocations


You had 4 spell levels left.
You knew the following spells:

 Your Spells              Type           Power        Failure   Level  Hunger
b - Summon Ice Beast      Ice/Summ       #.......     71%         4    #####..
k - Ozocubu's Armour      Chrm/Ice       #.......     34%         3    ####...

Inventory:

Hand Weapons
 a - a +0 quarterstaff (weapon)
 b - a +0 shortbow
 c - a +1 dagger of venom
 d - a +0 whip of electrocution
Missiles
 g - 135 bolts
 h - 2 throwing nets
 k - 58 poisoned needles
 m - 145 arrows
 I - 5 javelins (quivered)
Armour
 u - a scarf of resistance (worn)
 G - a +2 hat (worn)
 M - a +2 ring mail of fire resistance (worn)
 N - a +0 pair of boots (worn)
Jewellery
 i - a ring of wizardry (right hand)
 D - an uncursed ring of positive energy
 K - an uncursed ring of stealth
 O - a +5 ring of intelligence (left hand)
Wands
 A - a wand of flame (13)
 L - a wand of iceblast (6)
Scrolls
 e - a scroll of fear {unknown}
 p - 2 scrolls of amnesia
 y - 2 scrolls of remove curse
 B - a scroll of blinking
 C - a scroll of immolation {unknown}
 E - a scroll of random uselessness {unknown}
 F - 3 scrolls of teleportation {unknown}
 H - a scroll of enchant armour {unknown}
Potions
 l - 4 potions of brilliance
 o - 2 potions of invisibility
 q - 3 potions of flight
 t - 3 potions of curing
 v - a potion of magic
 x - 2 potions of mutation {!q}
 z - a potion of cancellation
Comestibles
 f - 20 rations

Dungeon Overview and Level Annotations

Branches:
Dungeon (10/15)            Temple (1/1) D:6            Lair (0/6) D:10
    Orc (0/2) D:10

Altars:
Ashenzari
Cheibriados
Dithmenos
Elyvilon
Fedhas
Gozag
Hepliaklqana
Kikubaaqudgha
Makhleb
Nemelex Xobeh
Okawaru
Qazlal
Ru
Sif Muna
Trog
Uskayaw
Vehumet
Wu Jian
Xom
Yredelemnul
Zin
The Shining One

Shops:
D:10 *

Annotations:
D:9 dig
D:10 JohnnyTrout's ghost, journeyman HOFi

...).......# #.#.....#
...).......###.#.....##.....
...............#......#.... .
.....#########.#......#...# ###.
.....#.......#.#......#...# ..#.
#....#.......#.#......#...# ..#.
#....#.......#.'......#...# ..+.
#....#.......#.########...# ..#.
#..>.#[......#..@o........###'##.
.....#.......#.W............)....
.)...#.....).'.########..####+#..
.....#.......#.#......#..# #.)
.....##......#.'......#..# #..
......#......#.#......#..# ##.
......#......#.#......#..# #.
......#......#.########..# #.
......#......#..........## #.


You could see an orc wizard and JohnnyTrout's ghost.


Message History

You climb upwards.
Level annotation: dig
There is a stone staircase leading down here.
You sock the orc!
You kill the orc!
No target in view!
No target in view!
Things that are here:
a dagger; a robe; a dagger There isn't anything to butcher here.
There is a stone staircase leading down here.
You climb downwards.
Level annotation: JohnnyTrout's ghost, journeyman HOFi JohnnyTrout's ghost hits you!
The orc wizard casts a spell at you. The puff of flame misses you.
JohnnyTrout's ghost barely misses you.
There is a stone staircase leading up, spattered with blood here.
Unknown command.
JohnnyTrout's ghost hits you! JohnnyTrout's ghost hits you!!
* * * LOW HITPOINT WARNING * * *
The orc wizard points at you and mumbles some strange words.
You easily resist.
JohnnyTrout's ghost hits you!
* * * LOW HITPOINT WARNING * * *
JohnnyTrout's ghost hits you!!
* * * LOW HITPOINT WARNING * * *
JohnnyTrout's ghost hits you.
You die...
Your body glows slightly and disappears.

Action                   |  1- 3 |  4- 6 |  7- 9 | 10-12 || total
-------------------------+-------+-------+-------+-------++-------
Melee: Short sword       |    10 |       |       |       ||    10
       Headbutt          |     9 |    12 |    46 |    47 ||   114
       Spear             |    19 |       |       |       ||    19
       Hand axe          |    13 |       |       |       ||    13
       Flail             |    24 |    13 |       |       ||    37
       Trident           |    10 |    55 |       |       ||    65
       Quarterstaff      |       |    37 |   281 |   294 ||   612
       Dagger            |       |       |    11 |       ||    11
       Whip              |       |       |       |     2 ||     2
Throw: Javelin           |       |       |     9 |       ||     9
       Throwing net      |       |       |       |     1 ||     1
Evoke: Wand              |       |    14 |    50 |    50 ||   114
       Deck              |       |       |     9 |    16 ||    25
  Use: Scroll            |     7 |     4 |     3 |     4 ||    18
       Potion            |       |     1 |     3 |     5 ||     9
 Stab: Paralysed         |       |       |    25 |    16 ||    41
       Sleeping          |       |       |     2 |       ||     2
       Distracted        |       |       |       |     1 ||     1
       Held in net/web   |       |       |       |     1 ||     1
  Eat: Chunk             |     1 |     6 |    15 |     7 ||    29
       Ration            |       |       |       |     1 ||     1
Armor: Leather armour    |     8 |       |       |       ||     8
       Ring mail         |    15 |    27 |   103 |    85 ||   230
       Skin              |       |       |       |     7 ||     7
Dodge: Dodged            |    50 |    34 |   119 |   129 ||   332

Vault maps used:
D:1:      elethiomel_arrival_fortress_basement
D:2:      lemuel_round_altar, grunt_temple_overflow_open
D:3:      okawaru_gym_becter, first_ration, guppyfry_early_orc_mine,
          uniq_sigmund
D:4:      elyvilon_altar_4
D:6:      minmay_temple_entry_statues_fountains,
          hangedman_abyss_or_decor_passed, uniq_duvessa
D:7:      old_standard_altar
D:8:      lemuel_crystal_altar, uniq_grum
D:9:      zin_scriptorium, nicolae_qazlal_style_of_elements, grunt_livestock,
          uniq_pikel, uniq_prince_ribbit1
D:10:     dpeg_oklobed_lair, serial_shops, nicolae_shop_overgrown_old_shop
Temple:   nicolae_temple_no_exploring_needed

Notes
Turn   | Place    | Note
-------+----------+-------------------------------------------
     0 | D:1      | puppykicker the Minotaur Artificer began the quest for the Orb.
     0 | D:1      | Reached XP level 1. HP: 16/16 MP: 1/1
   244 | D:1      | Reached XP level 2. HP: 24/24 MP: 3/3
   330 | D:1      | Reached skill level 1 in Armour
   882 | D:2      | Reached skill level 2 in Fighting
   882 | D:2      | Reached skill level 3 in Evocations
   926 | D:2      | Reached XP level 3. HP: 29/29 MP: 4/4
   975 | D:2      | Found a hide-covered altar of Uskayaw.
  1000 | D:2      | Found a burning altar of Makhleb.
  1001 | D:2      | Found a sacrificial altar of Ru.
  1001 | D:2      | Found a glowing golden altar of the Shining One.
  1015 | D:2      | Reached skill level 2 in Armour
  1234 | D:2      | Found a hazy altar of Hepliaklqana.
  1372 | D:2      | Reached XP level 4. HP: 37/37 MP: 5/5
  1767 | D:3      | Reached skill level 3 in Fighting
  2252 | D:3      | Found an iron altar of Okawaru.
  2253 | D:3      | Noticed Xathitun's ghost (amateur HuHu)
  2268 | D:3      | Killed Xathitun's ghost
  2268 | D:3      | Reached skill level 3 in Armour
  2268 | D:3      | Reached XP level 5. HP: 12/46 MP: 6/6
  2593 | D:3      | Noticed Sigmund
  2600 | D:3      | Killed Sigmund
  2600 | D:3      | Reached skill level 4 in Fighting
  2600 | D:3      | Reached skill level 4 in Armour
  2600 | D:3      | Reached skill level 4 in Evocations
  2600 | D:3      | Reached XP level 6. HP: 50/53 MP: 6/8
  2937 | D:4      | Reached skill level 1 in Polearms
  2937 | D:4      | Reached skill level 1 in Staves
  2992 | D:4      | Found a white marble altar of Elyvilon.
  3042 | D:4      | Reached skill level 2 in Staves
  3063 | D:4      | Reached skill level 3 in Staves
  3158 | D:4      | Reached XP level 7. HP: 60/60 MP: 9/9
  3228 | D:4      | Reached skill level 4 in Staves
  3387 | D:4      | Reached skill level 5 in Staves
  3673 | D:4      | Identified a scarf of resistance (You found it on level 4 of the Dungeon)
  3729 | D:4      | Reached skill level 6 in Staves
  3867 | D:5      | Entered Level 5 of the Dungeon
  3937 | D:5      | HP: 6/60 [something/magic dart (6)]
  3942 | D:5      | Reached skill level 7 in Staves
  4489 | D:5      | Reached XP level 8. HP: 58/67 MP: 10/10
  4591 | D:5      | Reached skill level 8 in Staves
  4857 | D:6      | Noticed Dowan
  4907 | D:6      | Noticed Duvessa
  4919 | D:6      | Your ally died
  4920 | D:6      | Killed Duvessa
  4969 | D:6      | Reached skill level 9 in Staves
  5431 | D:6      | Reached skill level 10 in Staves
  5499 | D:6      | Learned a level 3 spell: Ozocubu's Armour
  5504 | D:6      | Learned a level 4 spell: Summon Ice Beast
  5560 | D:6      | Found a staircase to the Ecumenical Temple.
  6043 | D:7      | Reached skill level 11 in Staves
  6247 | D:7      | Reached XP level 9. HP: 72/72 MP: 11/11
  6371 | D:7      | Noticed Beardo's ghost (novice GrAK)
  6392 | D:7      | Killed Beardo's ghost
  6392 | D:7      | Reached skill level 12 in Staves
  6615 | D:7      | Found a radiant altar of Vehumet.
  6676 | Temple   | Entered the Ecumenical Temple
  6683 | Temple   | Became a worshipper of Nemelex Xobeh the Trickster
  6774 | D:7      | Received a gift from Nemelex Xobeh
  6804 | D:7      | Reached skill level 1 in Invocations
  6998 | D:8      | Reached skill level 2 in Invocations
  7249 | D:7      | Reached skill level 3 in Invocations
  7300 | D:8      | Reached skill level 13 in Staves
  7349 | D:8      | Noticed dang3rdave's ghost (novice DrAE)
  7356 | D:8      | Reached skill level 4 in Invocations
  7363 | D:8      | Noticed Grum
  7376 | D:8      | HP: 7/72 [something (8)]
  7384 | D:8      | HP: 6/72 [something (4)]
  7833 | D:8      | Killed Grum
  7866 | D:7      | Killed an unseen horror
  7866 | D:7      | Reached skill level 5 in Invocations
  7866 | D:7      | Reached XP level 10. HP: 37/80 MP: 12/12
  8028 | D:8      | Killed dang3rdave's ghost
  8028 | D:8      | Reached skill level 14 in Staves
  8028 | D:8      | Reached skill level 6 in Invocations
  8215 | D:8      | Noticed a two-headed ogre
  8229 | D:8      | Killed a two-headed ogre
  8229 | D:8      | Reached skill level 7 in Invocations
  8245 | D:8      | Upgraded the game from 0.22-a0-292-g0df9d5f to 0.22-a0-294-ge3b9353
  8362 | D:8      | Found an ancient bone altar of Kikubaaqudgha.
  9313 | D:9      | Noticed Pikel
  9334 | D:9      | Killed Pikel
  9334 | D:9      | Reached skill level 3 in Dodging
  9334 | D:9      | Reached skill level 8 in Invocations
  9376 | D:9      | Found a stormy altar of Qazlal.
  9376 | D:9      | Reached * piety under Nemelex Xobeh
  9415 | D:9      | Received a gift from Nemelex Xobeh
  9432 | D:9      | Noticed Prince Ribbit
  9466 | D:9      | Reached skill level 5 in Fighting
  9820 | D:9      | Reached skill level 5 in Armour
  9827 | D:9      | Killed Prince Ribbit
  9827 | D:9      | Reached XP level 11. HP: 77/88 MP: 16/16
  9841 | D:9      | Reached skill level 5 in Evocations
 10233 | D:9      | Received a gift from Nemelex Xobeh
 10501 | D:9      | Reached skill level 4 in Dodging
 10541 | D:9      | Found a glowing silver altar of Zin.
 10723 | D:10     | Entered Level 10 of the Dungeon
 10781 | D:10     | Found a staircase to the Orcish Mines.
 10817 | D:10     | Found Agaiba Bustru's Assorted Antiques.
 10826 | D:10     | Bought a scroll labeled AHIOLI KOPN for 21 gold pieces
 10826 | D:10     | Bought a scroll labeled YKENNI UCIBICI for 21 gold pieces
 10826 | D:10     | Bought a potion of heal wounds for 105 gold pieces
 10826 | D:10     | Bought a pair of boots for 94 gold pieces
 10887 | D:10     | Noticed a two-headed ogre
 10898 | D:10     | Killed a two-headed ogre
 10898 | D:10     | Reached skill level 6 in Fighting
 10977 | D:10     | Found a staircase to the Lair.
 10997 | D:10     | Noticed JohnnyTrout's ghost (journeyman HOFi)
 11383 | D:10     | HP: 1/89 [JohnnyTrout's ghost (23)]
 11384 | D:10     | Slain by JohnnyTrout's ghost

Vanquished Creatures
  The ghost of dang3rdave the Zephyrmancer, a novice DrAE of Nemelex Xobeh (D:8)
  2 two-headed ogres
  An unseen horror (D:7)
  Pikel (D:9)
  The ghost of Beardo the Cudgeler, a novice GrAK of Lugonu (D:7)
  Prince Ribbit (D:9)
  3 hippogriffs
  Sigmund (D:3)
  A yak (D:9)
  3 hogs (D:9)
  A human (D:9)
  Grum (D:8)
  A steam dragon (D:9)
  Duvessa (D:6)
  2 ice beasts
  3 sky beasts
  4 orc warriors
  An eye of draining (D:10)
  6 ogres
  A phantom (D:5)
  6 centaurs
  The ghost of Xathitun the Shooter, an amateur HuHu (D:3)
  4 wolves
  A big kobold (D:10)
  5 bullfrogs
  A scorpion (D:4)
  5 worker ants
  8 killer bees
  A howler monkey (D:4)
  2 crimson imps (D:7)
  A centaur zombie (D:7)
  4 hounds
  A gnoll shaman (D:9)
  4 orc priests
  5 orc wizards
  A centaur skeleton (D:9)
  6 iguanas
  A hound zombie (D:8)
  2 hound skeletons
  4 adders
  11 gnolls
  2 oozes
  3 worms
  3 dart slugs
  2 leopard geckos
  22 orcs
  A ball python (D:5)
  4 bats
  8 giant cockroaches
  11 hobgoblins
  6 jackals
  12 kobolds
  8 quokkas
  4 frilled lizards
  7 goblins
  A jackal skeleton (D:5)
  A leopard gecko skeleton (D:2)
  2 leopard gecko zombies
  6 rats
213 creatures vanquished.

Vanquished Creatures (collateral kills)
  3 yaks (D:9)
  An ogre (D:9)
  2 killer bees (D:9)
  A crimson imp (D:9)
  An orc priest (D:5)
  3 orc wizards
  A hound (D:7)
  3 orcs
  A frilled lizard (D:5)
16 creatures vanquished.

Vanquished Creatures (others)
  2 slaves (D:9)
  Dowan (D:6)
3 creatures vanquished.

Grand Total: 232 creatures vanquished
